 Dungeon Crawl Stone Soup version 0.31-a0-8-gd14b0f4ee2 (webtiles) character file.

Game seed: 16369157345260827021

9 cheesebisquit the Grave Robber (level 2, 0/20 HPs)
             Began as a Hill Orc Necromancer on May 6, 2023.
             Frozen to death by an endoplasm (2 damage)
             ... on level 1 of the Dungeon.
             The game lasted 00:01:27 (333 turns).

cheesebisquit the Grave Robber (HONe)                Turns: 333, Time: 00:01:28

Health: 0/20       AC:  2    Str: 10    XL:     2   Next: 16%
Magic:  1/4        EV: 12    Int: 15    God:
Gold:   11         SH:  0    Dex: 11    Spells: 3/4 levels left

rFire   . . .        (no weapon)
rCold   . . .        (no shield)
rNeg    . . .        a - +0 robe
rPois   .            (no helmet)
rElec   .            (no cloak)
rCorr   .            (no gloves)
SInv    .            (no boots)
Will    .....        (no amulet)
Stlth   ++           (no ring)
HPRegen 0.23/turn    (no ring)
MPRegen 0.09/turn

%: no passive effects
@: no status effects
A: no striking features
a: no special abilities


You were on level 1 of the Dungeon.
You visited 1 branch of the dungeon, and saw 1 of its levels.

You collected 11 gold pieces.

Inventory:

Armour
 a - a +0 robe (worn)
Scrolls
 e - a scroll of fear {unknown}
 f - a scroll of identify {unknown}
Potions
 c - a potion of flight {unknown}
 d - a potion of invisibility {unknown}


   Skills:
 + Level 1.7 Dodging
 + Level 1.8 Stealth
 + Level 1.7 Spellcasting
 + Level 4.1 Necromancy


You had 3 spell levels left.
You knew the following spells:

 Your Spells              Type           Power      Damage    Failure   Level
a - Necrotise             Necr           52%        1d6       4%          1

Your spell library contained the following spells:

 Spells                   Type           Power      Damage    Failure   Level
 Vampiric Draining        Necr           13%        2d6       13%         3
 Animate Dead             Necr           13%        N/A       38%         4
 Agony                    Necr           13%        N/A       75%         5


Dungeon Overview and Level Annotations

Branches:
Dungeon (1/15)

Altars:


Message History

You hit the ball python.
The ball python is severely wounded.
The bat barely misses you. The ball python bites you.
The ball python grabs you. The ball python constricts you.
The ball python writhes in agony.
You kill the ball python!
The dead are slithering!
The bat closely misses you. Magic courses through your body.
The bat barely misses you. The endoplasm freezes you.
You are frozen.
Your ball python skeleton closely misses the quokka.
Your ball python skeleton misses the quokka.
The goblin barely resists.
The bat barely misses you. The quokka bites you. The endoplasm hits you.
* * * LOW HITPOINT WARNING * * *
The goblin barely misses you.
Your ball python skeleton completely misses the quokka.
Your ball python skeleton grabs the quokka.
Your ball python skeleton constricts the quokka.
You are too injured to fight recklessly!
Aiming: Necrotise (safe; 4% risk of failure)
Press: ? - help, Q - select action Shift-Dir - straight line, f/p - goblin
Aim: a goblin, wielding a +0 club (ally target, chance to affect: 83%)
The goblin writhes in agony.
The bat barely misses you.
The quokka bites you but does no damage.
The endoplasm closely misses you. x2; The goblin hits you with a +0 club.
* * * LOW HITPOINT WARNING * * *
Your ball python skeleton bites the quokka.
Your ball python skeleton constricts the quokka.
Aiming: Necrotise (safe; 4% risk of failure)
Press: ? - help, Q - select action Shift-Dir - straight line, f/p - goblin
Aim: a goblin, wielding a +0 club (heavily wounded, ally target, chance to affect: 83%)
The goblin writhes in agony.
You kill the goblin!
The dead are walking!
The bat barely misses you. The quokka closely misses you.
The endoplasm hits you but does no damage.
The endoplasm freezes you.
You are frozen.
You die...

## .#
##..........# .#
##............ .#
#............. .#
#.......(..... ##
###......Z$..... #
.........Z......
##....)rJ......
###....$.@J..$...
#........b..$....#
#.##.....#########
#............... #
###.....####### .
#.....### .... #
#..†..†.## .... .
#######..## .....
#
#######..####.....


You could see 2 endoplasms, a quokka (ally target), a bat, a friendly ball
python skeleton and a friendly goblin skeleton.

Vanquished Creatures
  3 ball pythons (D:1)
  An endoplasm (D:1)
  2 giant cockroaches (D:1)
  A goblin (D:1)
  A quokka (D:1)
  A kobold (D:1)
9 creatures vanquished.

Notes
Turn   | Place    | Note
-------+----------+-------------------------------------------
     0 | D:1      | cheesebisquit the Hill Orc Necromancer began the quest for
                  | the Orb.
     0 | D:1      | Reached XP level 1. HP: 14/14 MP: 3/3
   296 | D:1      | Reached XP level 2. HP: 20/20 MP: 0/4
   333 | D:1      | Frozen to death by an endoplasm

Illustrated notes

Levels and vault maps discovered:
D:1:      dpeg_chamrin_arrival_tetris, layout_rooms, feat_on_display

Action                     || total
---------------------------++-------
  Melee: Unarmed           ||    22
   Cast: Necrotise         ||    16
    Use: Potion            ||     1
 Armour: Robe              ||    13
  Dodge: Dodged            ||    46

Table legend: (Time is in decaauts)
 A = Elapsed time spent in this place.
 B = Non-inter-level travel time spent in this place.
 C = Inter-level travel time spent in this place.
 D = Time resting spent in this place.
 E = Time spent auto-exploring this place.
 F = Levels seen in this place.
 G = Mean time per level.
                   A        B        C        D        E       F      G
               +--------+--------+--------+--------+--------+-----+--------+
         Total |    333 |    333 |      0 |      0 |    265 |   1 |  333.0 |
       Dungeon |    333 |    333 |      0 |      0 |    265 |   1 |  333.0 |
               +--------+--------+--------+--------+--------+-----+--------+

Top non-repeatable levels by time:
     D:1: 333 daAuts
